[Event "EYCC O18-ch 2024"]
[Site "Prague"]
[Date "2024.08.30"]
[Round "8.8"]
[White "Zlatkov, Anton"]
[Black "Bermudez Ureba, Juan Diego"]
[Result "0-1"]
[ECO "A13"]
[WhiteElo "2297"]
[BlackElo "2183"]
[Annotator "RC"]
[PlyCount "92"]
[EventDate "2024.08.19"]
[EventType "swiss"]
[EventCountry "CZE"]
[SourceTitle "playchess.com"]
[Source "ChessBase"]
[SourceQuality "1"]
[TimeControl "5400+30"]

1. c4 e6 2. g3 d5 3. Bg2 dxc4 4. Qa4+ Nd7 5. Qxc4 c5 6. Qc2 Rb8 7. Nc3 b5 8. Nf3 b4 9. Nd1 a5 10. O-O Bd6 11. Ne3 Nb6 12. Nc4 Nxc4 13. Qxc4 Ne7 14. d4 Qb6 15. dxc5 Bxc5 16. Bf4 Ba6 17. Qe4 Bb7 18. Qe5 O-O 19. Qh5 Rbc8 20. Rad1 f6 21. Bh3 Rcd8 22. Rxd8 Rxd8 23. Bc1 e5 24. Nd2 Bxf2+ 25. Rxf2 Qc6 26. Rf1 Qh1+ 27. Kf2 Qxh2+ 28. Ke1 Qxg3+ 29. Kd1 Nd5 30. Be6+ Kh8 31. Bxd5 Bxd5 32. b3 a4 33. e4 Bxe4 34. Qe2 Bd5 35. Qe1 Qc3 36. Ke2 Qc2 37. Kf2 Qxa2 38. Qe3 Bxb3 39. Kg1 Bg8 40. Ne4 Rd4 41. Ng3 Qd5 42. Rf2 a3 43. Nf5 Rd1+ 44. Rf1 Rxf1+ 45. Kxf1 Qd1+ 46. Kg2 Qc2+ 0-1

[Event "EYCC O18-ch 2024"]
[Site "Prague"]
[Date "2024.08.30"]
[Round "8.9"]
[White "Talibov, Shiroghlan"]
[Black "Smolik, Jachym"]
[Result "1/2-1/2"]
[ECO "B12"]
[WhiteElo "2395"]
[BlackElo "2290"]
[Annotator "RC"]
[PlyCount "71"]
[EventDate "2024.08.19"]
[EventType "swiss"]
[EventCountry "CZE"]
[SourceTitle "playchess.com"]
[Source "ChessBase"]
[SourceQuality "1"]
[TimeControl "5400+30"]

1. e4 c6 2. d4 d5 3. e5 Bf5 4. Be2 e6 5. Nf3 Nd7 6. O-O h6 7. a4 Ne7 8. a5 a6 9. b4 g5 10. Ne1 Qc7 11. Na3 Bg6 12. c3 Bg7 13. f4 f6 14. Bd3 O-O-O 15. Bxg6 Nxg6 16. Nd3 Rhg8 17. Qh5 Nxf4 18. Bxf4 gxf4 19. Nxf4 Rde8 20. Qf7 Ref8 21. Qxe6 fxe5 22. Ng6 Re8 23. Qf7 Qd6 24. Rae1 Qe6 25. Nc2 Qxf7 26. Rxf7 Bf6 27. dxe5 Rxg6 28. exf6 Rxe1+ 29. Nxe1 Nxf6 30. Rf8+ Kc7 31. Rf7+ Kc8 32. Nc2 Ne4 33. Rf3 Rf6 34. Re3 Rf2 35. Rxe4 Rxc2 36. Re3 1/2-1/2

[Event "EYCC O18-ch 2024"]
[Site "Prague"]
[Date "2024.08.30"]
[Round "8.9"]
[White "Rudzkis, Vilius"]
[Black "Kreken, Eivind Grunt"]
[Result "1/2-1/2"]
[ECO "E73"]
[WhiteElo "1993"]
[BlackElo "2294"]
[Annotator "RC"]
[PlyCount "79"]
[EventDate "2024.08.19"]
[EventType "swiss"]
[EventCountry "CZE"]
[SourceTitle "playchess.com"]
[Source "ChessBase"]
[SourceQuality "1"]
[TimeControl "5400+30"]

1. d4 Nf6 2. c4 g6 3. Nc3 Bg7 4. e4 d6 5. Be2 O-O 6. Bg5 c5 7. d5 h6 8. Bf4 e6 9. Qc1 exd5 10. exd5 Kh7 11. Nf3 Re8 12. O-O Ne4 13. Nxe4 Rxe4 14. Be3 Qf6 15. Rb1 Na6 16. Bg5 Qf5 17. Bd3 Nb4 18. Bxe4 Qxe4 19. Re1 Qf5 20. Be7 Nd3 21. Qd2 Nxe1 22. Rxe1 b5 23. cxb5 Bb7 24. Bxd6 Bxd5 25. Be5 Rd8 26. Bxg7 Kxg7 27. Qc3+ Kh7 28. Qxc5 Rc8 29. Qd4 Bxf3 30. gxf3 Qxb5 31. Qxa7 Qd5 32. Qe3 Qxa2 33. Qd4 Rb8 34. Re7 Qb1+ 35. Kg2 Qf5 36. h4 h5 37. Qd7 Qxd7 38. Rxd7 Kg7 39. Rd2 Rb3 40. Kg3 1/2-1/2

[Event "EYCC O18-ch 2024"]
[Site "Prague"]
[Date "2024.08.30"]
[Round "8.10"]
[White "Eilenberg, Jonas"]
[Black "Bakija, Alan"]
[Result "1/2-1/2"]
[ECO "C50"]
[WhiteElo "2285"]
[BlackElo "2171"]
[Annotator "RC"]
[PlyCount "89"]
[EventDate "2024.08.19"]
[EventType "swiss"]
[EventCountry "CZE"]
[SourceTitle "playchess.com"]
[Source "ChessBase"]
[SourceQuality "1"]
[TimeControl "5400+30"]

1. e4 e5 2. Nf3 Nc6 3. Bc4 Bc5 4. d3 Nf6 5. Bg5 h6 6. Bh4 Be7 7. Bg3 d6 8. a4 O-O 9. h3 Kh8 10. a5 a6 11. O-O Nh7 12. Nc3 f5 13. exf5 Bxf5 14. Nd5 Nf6 15. Re1 Qd7 16. c3 Rae8 17. b4 Bh7 18. Ra2 e4 19. dxe4 Nxe4 20. Rae2 Nxg3 21. fxg3 Bd8 22. Nf4 Rxe2 23. Rxe2 Bf6 24. Ne6 Rb8 25. Nc5 Qd8 26. Ne6 Qd7 27. Qd2 Bg6 28. g4 Re8 29. Re3 Nd8 30. Nc5 Qc8 31. Rxe8+ Bxe8 32. Ne4 Be7 33. g5 Qf5 34. Bd3 Qf8 35. gxh6 gxh6 36. Qe3 Bg6 37. Qd4+ Qg7 38. Qe3 Nc6 39. Nf2 Bxd3 40. Qxd3 Bf6 41. Ne4 Ne5 42. Qe2 Nxf3+ 43. Qxf3 Be5 44. c4 Qg8 45. Qf1 1/2-1/2

[Event "EYCC O18-ch 2024"]
[Site "Prague"]
[Date "2024.08.30"]
[Round "8.10"]
[White "Kusiak, Mateusz"]
[Black "Belkaid, Sohan"]
[Result "0-1"]
[ECO "B22"]
[WhiteElo "1887"]
[BlackElo "2384"]
[Annotator "RC"]
[PlyCount "168"]
[EventDate "2024.08.19"]
[EventType "swiss"]
[EventCountry "CZE"]
[SourceTitle "playchess.com"]
[Source "ChessBase"]
[SourceQuality "1"]
[TimeControl "5400+30"]

1. e4 c5 2. c3 d5 3. exd5 Qxd5 4. d4 Nc6 5. Nf3 Bg4 6. dxc5 Qxd1+ 7. Kxd1 O-O-O+ 8. Bd2 Nf6 9. Kc1 Ne4 10. Be3 e6 11. b4 Be7 12. a4 a5 13. Bb5 Bf6 14. Bxc6 Nxc3 15. Nxc3 bxc6 16. Kc2 axb4 17. Ne2 Bxa1 18. Rxa1 f6 19. Ned4 Bf5+ 20. Kb3 Be4 21. Kxb4 e5 22. Ne2 Kc7 23. Nd2 Bd3 24. Nc1 Ba6 25. Kc3 Rd5 26. Rb1 Ra8 27. Rb4 f5 28. f4 Rad8 29. Rb6 Be2 30. Rb2 Rd3+ 31. Nxd3 Rxd3+ 32. Kb4 Rxe3 33. fxe5 Rxe5 34. Rb1 g5 35. Re1 f4 36. Nb3 g4 37. Nc1 f3 38. gxf3 gxf3 39. Nxe2 fxe2 40. Kc4 Kb7 41. Kd4 Re7 42. h4 Ka6 43. h5 Ka5 44. Kc4 h6 45. Kd3 Kxa4 46. Kc4 Ka3 47. Kc3 Ka2 48. Kc2 Re5 49. Kd2 Kb3 50. Kd3 Kb4 51. Kd4 Re8 52. Rb1+ Ka3 53. Re1 Kb2 54. Kd3 Rd8+ 55. Ke3 Re8+ 56. Kd3 Re7 57. Kd2 Kb3 58. Kd3 Kb4 59. Kd4 Rd7+ 60. Ke3 Rd5 61. Rb1+ Kxc5 62. Kxe2 Rxh5 63. Kd3 Rh3+ 64. Kc2 Kc4 65. Rg1 Rh2+ 66. Kc1 c5 67. Rg4+ Kb3 68. Rg3+ Kb4 69. Rg4+ c4 70. Rg3 h5 71. Rf3 h4 72. Re3 h3 73. Kb1 Rh1+ 74. Ka2 h2 75. Re2 Kc3 76. Re3+ Kd2 77. Rh3 c3 78. Rh8 c2 79. Rd8+ Ke3 80. Rc8 c1=Q 81. Rc3+ Kd4 82. Rc4+ Qxc4+ 83. Kb2 Qc3+ 84. Ka2 Ra1# 0-1

[Event "EYCC O18-ch 2024"]
[Site "Prague"]
[Date "2024.08.30"]
[Round "8.11"]
[White "Gasparyan, Erik R."]
[Black "Farokhi, Keyvan"]
[Result "1-0"]
[ECO "D41"]
[WhiteElo "2350"]
[BlackElo "2307"]
[Annotator "RC"]
[PlyCount "141"]
[EventDate "2024.08.19"]
[EventType "swiss"]
[EventCountry "CZE"]
[SourceTitle "playchess.com"]
[Source "ChessBase"]
[SourceQuality "1"]
[TimeControl "5400+30"]

1. d4 Nf6 2. c4 e6 3. Nf3 d5 4. Nc3 c5 5. cxd5 cxd4 6. Qxd4 exd5 7. Bg5 Be7 8. e3 Nc6 9. Qd3 O-O 10. Be2 h6 11. Bh4 Be6 12. O-O Qb6 13. Bxf6 Bxf6 14. Nxd5 Bxd5 15. Qxd5 Qxb2 16. Bc4 Rad8 17. Qf5 Qb4 18. Rac1 Qa5 19. Qb1 Qb6 20. Qxb6 axb6 21. Rfd1 Rxd1+ 22. Rxd1 Rd8 23. Rxd8+ Bxd8 24. Kf1 Kf8 25. Ke2 Bc7 26. Bb3 Ke7 27. g3 Bd6 28. Nd2 Bb4 29. Bd5 f6 30. Nf3 Kd6 31. Bb3 g5 32. h3 Ke7 33. Nd2 Bc5 34. g4 Na7 35. Bd5 Nb5 36. Ne4 Bb4 37. Kd3 Nd6 38. Nc3 Ba5 39. f3 Bb4 40. Bb3 Bxc3 41. Kxc3 Nc8 42. Bd5 Kd6 43. Bxb7 Ne7 44. Kd4 Ke6 45. Be4 Kd6 46. Bd3 Nc6+ 47. Ke4 Ne7 48. Bc4 Kc5 49. Bb3 Kd6 50. f4 Kc5 51. Bf7 Kd6 52. Kf3 Nc8 53. Kg3 Ke7 54. Bd5 Nd6 55. h4 Nb5 56. hxg5 hxg5 57. Kf3 Nc3 58. Bb3 Kd6 59. e4 Ke7 60. fxg5 fxg5 61. e5 b5 62. Ke3 b4 63. Kd3 Nb1 64. Kc4 Nd2+ 65. Kxb4 Nf3 66. e6 Ne5 67. a4 Nxg4 68. a5 Kd6 69. Kb5 Kc7 70. e7 Nf6 71. Bf7 1-0

[Event "EYCC O18-ch 2024"]
[Site "Prague"]
[Date "2024.08.30"]
[Round "8.11"]
[White "Bokhnak, Timofey"]
[Black "Ozen, Metehan"]
[Result "1/2-1/2"]
[ECO "C02"]
[WhiteElo "2273"]
[BlackElo "2142"]
[Annotator "RC"]
[PlyCount "96"]
[EventDate "2024.08.19"]
[EventType "swiss"]
[EventCountry "CZE"]
[SourceTitle "playchess.com"]
[Source "ChessBase"]
[SourceQuality "1"]
[TimeControl "5400+30"]

1. e4 e6 2. d4 d5 3. e5 c5 4. c3 Qb6 5. Nf3 Bd7 6. Be2 Bb5 7. dxc5 Bxc5 8. b4 Bxf2+ 9. Kf1 Bd7 10. Qd2 Nh6 11. Bd3 Ng4 12. h3 Be3 13. Qe2 Bxc1 14. hxg4 Nc6 15. g3 Qe3 16. a4 O-O-O 17. Ra2 f6 18. exf6 gxf6 19. Qxe3 Bxe3 20. Rxh7 Rhg8 21. Re2 Bb6 22. Rh4 e5 23. Nh2 e4 24. Bc2 Ne5 25. Bb3 Bxg4 26. Nxg4 Nxg4 27. a5 Bc7 28. Rh5 Rg5 29. Rxg5 fxg5 30. Kg2 Kb8 31. Nd2 a6 32. Nf1 b6 33. axb6 Bxb6 34. c4 dxc4 35. Bxc4 Rd4 36. Bxa6 Rxb4 37. Rc2 Rb1 38. Re2 Nf6 39. Bc4 Rb4 40. Rc2 Kc7 41. Bb5+ Kd8 42. Be2 Ke7 43. Nd2 Nd5 44. Kh3 Nf6 45. Kg2 Nd5 46. Kh3 Ne3 47. Rc6 Rd4 48. Nxe4 Rxe4 1/2-1/2

[Event "EYCC O18-ch 2024"]
[Site "Prague"]
[Date "2024.08.30"]
[Round "8.12"]
[White "Slagboom, Leandro"]
[Black "Hak, David"]
[Result "1/2-1/2"]
[ECO "B36"]
[WhiteElo "2331"]
[BlackElo "2239"]
[Annotator "RC"]
[PlyCount "96"]
[EventDate "2024.08.19"]
[EventType "swiss"]
[EventCountry "CZE"]
[SourceTitle "playchess.com"]
[Source "ChessBase"]
[SourceQuality "1"]
[TimeControl "5400+30"]

1. e4 c5 2. Nf3 Nc6 3. d4 cxd4 4. Nxd4 g6 5. c4 Nf6 6. Nc3 d6 7. f3 Nxd4 8. Qxd4 Bg7 9. Be3 O-O 10. Qd2 Qa5 11. Rc1 Be6 12. b3 a6 13. Nd5 Qxd2+ 14. Kxd2 Bxd5 15. cxd5 Rac8 16. Be2 Nd7 17. b4 Bb2 18. Rc2 Rxc2+ 19. Kxc2 Be5 20. f4 Rc8+ 21. Kb1 Bg7 22. Rc1 Rxc1+ 23. Kxc1 Kf8 24. g4 Bc3 25. a3 a5 26. bxa5 Bxa5 27. g5 Bb6 28. Bxb6 Nxb6 29. Bb5 e6 30. dxe6 fxe6 31. Kd2 Ke7 32. Ke3 Nd7 33. h4 Nc5 34. Be2 e5 35. f5 gxf5 36. exf5 d5 37. h5 d4+ 38. Kf3 h6 39. f6+ Ke6 40. Bc4+ Kf5 41. f7 Nd7 42. gxh6 e4+ 43. Ke2 Nf8 44. Kd2 b6 45. Bd5 Ke5 46. Bc6 Kf4 47. Bb7 Nh7 48. Bc6 Ke5 1/2-1/2

[Event "EYCC O18-ch 2024"]
[Site "Prague"]
[Date "2024.08.30"]
[Round "8.12"]
[White "Torres Rebolledo, Victor"]
[Black "Pidluznij, Gleb"]
[Result "0-1"]
[ECO "D35"]
[WhiteElo "2184"]
[BlackElo "2414"]
[Annotator "RC"]
[PlyCount "176"]
[EventDate "2024.08.19"]
[EventType "swiss"]
[EventCountry "CZE"]
[SourceTitle "playchess.com"]
[Source "ChessBase"]
[SourceQuality "1"]
[TimeControl "5400+30"]

1. d4 d5 2. c4 e6 3. Nc3 Nf6 4. cxd5 exd5 5. Bg5 Be7 6. e3 O-O 7. Bd3 Re8 8. Nge2 Nbd7 9. O-O h6 10. Bh4 c6 11. Qc2 a5 12. Bg3 Bf8 13. h3 b5 14. a4 b4 15. Nb1 c5 16. dxc5 Nxc5 17. Bb5 Bd7 18. Bxd7 Qxd7 19. Nd2 Rec8 20. Qd1 Nfe4 21. Nxe4 dxe4 22. Qxd7 Nxd7 23. Nd4 Nc5 24. f3 g6 25. b3 Bg7 26. Rab1 Rd8 27. Rfd1 Rd7 28. Rdc1 Bxd4 29. exd4 Nd3 30. Rd1 f5 31. Bf2 Rc8 32. fxe4 fxe4 33. Rd2 Rc3 34. Be3 Nc1 35. Bxh6 Rxd4 36. Rf2 Rd1+ 37. Kh2 e3 38. Re2 Rh1+ 39. Kxh1 Nxe2 40. Re1 Ng3+ 41. Kg1 Nf5 42. Bg5 Rxb3 43. Bd8 Ra3 44. Bxa5 Rxa4 45. Bb6 b3 46. Rb1 Re4 47. Rxb3 e2 48. Bf2 e1=Q+ 49. Bxe1 Rxe1+ 50. Kf2 Ra1 51. Rb2 Kg7 52. g4 Nh4 53. Kg3 g5 54. Rb7+ Kh6 55. Rb6+ Ng6 56. Rb3 Rg1+ 57. Kh2 Rd1 58. Kg3 Rd6 59. Ra3 Kg7 60. Ra5 Rd3+ 61. Kh2 Kh6 62. Ra6 Rd5 63. Rb6 Kg7 64. Rb7+ Kf6 65. Rb6+ Kf7 66. Rb7+ Ke6 67. Rb6+ Rd6 68. Rb5 Rd2+ 69. Kg3 Rd3+ 70. Kh2 Nh4 71. Ra5 Rd2+ 72. Kg1 Rd5 73. Ra8 Ke5 74. Kf2 Rd2+ 75. Ke3 Rh2 76. Ra5+ Kf6 77. Ke4 Rxh3 78. Ra6+ Kg7 79. Ra7+ Kh6 80. Ra6+ Ng6 81. Rb6 Rg3 82. Kf5 Rf3+ 83. Ke6 Rf4 84. Rb1 Rxg4 85. Rh1+ Rh4 86. Ra1 Kh5 87. Kf6 Rf4+ 88. Kg7 Nh4 0-1

[Event "EYCC O18-ch 2024"]
[Site "Prague"]
[Date "2024.08.30"]
[Round "8.13"]
[White "Soderstrom, Adrian"]
[Black "Valiyev, Shahin"]
[Result "1/2-1/2"]
[ECO "B97"]
[WhiteElo "2318"]
[BlackElo "2245"]
[Annotator "RC"]
[PlyCount "44"]
[EventDate "2024.08.19"]
[EventType "swiss"]
[EventCountry "CZE"]
[SourceTitle "playchess.com"]
[Source "ChessBase"]
[SourceQuality "1"]
[TimeControl "5400+30"]

1. e4 c5 2. Nf3 d6 3. d4 cxd4 4. Nxd4 Nf6 5. Nc3 a6 6. Bg5 e6 7. f4 Qb6 8. Qd2 Qxb2 9. Rb1 Qa3 10. e5 h6 11. Bh4 dxe5 12. fxe5 Nd5 13. Nxd5 exd5 14. e6 Bxe6 15. Nxe6 fxe6 16. Be2 Be7 17. Bxe7 Kxe7 18. Qd4 Nc6 19. Rxb7+ Kd6 20. Qxg7 Qc1+ 21. Bd1 Qe3+ 22. Be2 Qc1+ 1/2-1/2

[Event "EYCC O18-ch 2024"]
[Site "Prague"]
[Date "2024.08.30"]
[Round "8.13"]
[White "Perets, Dmytro"]
[Black "Serrano Almendros, Angel"]
[Result "0-1"]
[ECO "C00"]
[WhiteElo "2166"]
[BlackElo "2310"]
[Annotator "RC"]
[PlyCount "52"]
[EventDate "2024.08.19"]
[EventType "swiss"]
[EventCountry "CZE"]
[SourceTitle "playchess.com"]
[Source "ChessBase"]
[SourceQuality "1"]
[TimeControl "5400+30"]

1. e4 e6 2. d3 d5 3. Nd2 c5 4. Ngf3 Nc6 5. g3 g6 6. Bg2 Bg7 7. O-O Nge7 8. Re1 O-O 9. c3 e5 10. exd5 Nxd5 11. Nc4 Re8 12. a4 Bf5 13. Ng5 Nf6 14. Bxc6 bxc6 15. Nxe5 Qd5 16. c4 Qd4 17. Ngxf7 Ng4 18. Be3 Nxe3 19. fxe3 Qxb2 20. Rb1 Qc3 21. Rc1 Qa5 22. d4 Qc7 23. Rf1 cxd4 24. exd4 c5 25. Re1 cxd4 26. Qxd4 Qxf7 0-1

[Event "EYCC O18-ch 2024"]
[Site "Prague"]
[Date "2024.08.30"]
[Round "8.14"]
[White "Loftgaard, Mikkel Vinh"]
[Black "Garcia Fernandez, Victor"]
[Result "1/2-1/2"]
[ECO "B30"]
[WhiteElo "2227"]
[BlackElo "2313"]
[Annotator "RC"]
[PlyCount "51"]
[EventDate "2024.08.19"]
[EventType "swiss"]
[EventCountry "CZE"]
[SourceTitle "playchess.com"]
[Source "ChessBase"]
[SourceQuality "1"]
[TimeControl "5400+30"]

1. e4 c5 2. Nf3 Nc6 3. c3 Nf6 4. e5 Nd5 5. d4 cxd4 6. cxd4 d6 7. Bc4 dxe5 8. Nxe5 e6 9. Nxc6 bxc6 10. O-O Be7 11. Nc3 O-O 12. Qf3 Qb6 13. Rd1 Bb7 14. Na4 Qa5 15. Bb3 c5 16. Bd2 Qb5 17. Nxc5 Bxc5 18. dxc5 Qxc5 19. Rac1 Qe7 20. Qg3 Qf6 21. Bg5 Qg6 22. Bc2 f5 23. Bd2 Qxg3 24. hxg3 Rac8 25. Bb3 Kf7 26. f3 1/2-1/2

[Event "EYCC O18-ch 2024"]
[Site "Prague"]
[Date "2024.08.30"]
[Round "8.14"]
[White "Salgovic, Simon"]
[Black "Paseka, Matyas"]
[Result "0-1"]
[ECO "B90"]
[WhiteElo "2144"]
[BlackElo "2281"]
[Annotator "RC"]
[PlyCount "52"]
[EventDate "2024.08.19"]
[EventType "swiss"]
[EventCountry "CZE"]
[SourceTitle "playchess.com"]
[Source "ChessBase"]
[SourceQuality "1"]
[TimeControl "5400+30"]

1. e4 c5 2. Nf3 d6 3. d4 cxd4 4. Nxd4 Nf6 5. Nc3 a6 6. Qf3 g6 7. h3 Bg7 8. Be3 O-O 9. O-O-O Qa5 10. Nb3 Qc7 11. g4 Be6 12. Nd5 Bxd5 13. exd5 Rc8 14. Qe2 b5 15. Bg2 a5 16. Nd4 b4 17. g5 Nfd7 18. Nb5 Qb7 19. Bd4 Ne5 20. a4 bxa3 21. Nxa3 Na6 22. f4 Nd7 23. Qb5 Qc7 24. Bxg7 Kxg7 25. Rd3 Nb4 26. Rd2 Rab8 0-1

[Event "EYCC O18-ch 2024"]
[Site "Prague"]
[Date "2024.08.30"]
[Round "8.15"]
[White "Xhembulla, Aleksander"]
[Black "Ristic, Luka"]
[Result "1-0"]
[ECO "B00"]
[WhiteElo "2201"]
[BlackElo "2274"]
[Annotator "RC"]
[PlyCount "107"]
[EventDate "2024.08.19"]
[EventType "swiss"]
[EventCountry "CZE"]
[SourceTitle "playchess.com"]
[Source "ChessBase"]
[SourceQuality "1"]
[TimeControl "5400+30"]

1. e4 Nc6 2. d4 d5 3. e5 Bf5 4. c3 e6 5. Nd2 h5 6. f4 Nh6 7. Ndf3 f6 8. Bd3 Be7 9. Ne2 fxe5 10. fxe5 Qd7 11. Ng3 g6 12. Nxf5 gxf5 13. Bf4 O-O-O 14. Qd2 Nf7 15. O-O-O Rdg8 16. Kb1 Bf8 17. Bb5 Bh6 18. Bxh6 Rxh6 19. Rhe1 a6 20. Ba4 b5 21. Bc2 h4 22. b3 Rh5 23. Bd3 Ng5 24. Nxg5 Rhxg5 25. Bf1 Rg4 26. a4 Na7 27. axb5 Nxb5 28. Qb2 c6 29. Rd2 Qa7 30. Red1 Kd7 31. c4 Nc7 32. Qa3 Qb6 33. Qd6+ Kc8 34. Ka2 Rd8 35. Qa3 a5 36. Qb2 Na6 37. Qc3 Kb7 38. Kb2 Nb4 39. c5 Qc7 40. Ra1 Re4 41. Ra4 f4 42. Rd1 Kc8 43. Rda1 Re3 44. Qd2 Kd7 45. Rxa5 Rb8 46. R1a4 Ke8 47. Rxb4 h3 48. gxh3 Rf3 49. Rxb8+ Qxb8 50. Bd3 Rxh3 51. Qg2 Rh8 52. Qg6+ Kd7 53. Qg7+ Kd8 54. Qxh8+ 1-0

[Event "EYCC O18-ch 2024"]
[Site "Prague"]
[Date "2024.08.30"]
[Round "8.15"]
[White "Maldonado Mena, German"]
[Black "Hercegovac, Neven"]
[Result "0-1"]
[ECO "E71"]
[WhiteElo "2073"]
[BlackElo "2278"]
[Annotator "RC"]
[PlyCount "142"]
[EventDate "2024.08.19"]
[EventType "swiss"]
[EventCountry "CZE"]
[SourceTitle "playchess.com"]
[Source "ChessBase"]
[SourceQuality "1"]
[TimeControl "5400+30"]

1. d4 Nf6 2. c4 g6 3. Nc3 Bg7 4. e4 d6 5. h3 O-O 6. Be3 Nbd7 7. g4 a6 8. f4 c5 9. dxc5 Nxc5 10. Bxc5 dxc5 11. Qxd8 Rxd8 12. e5 Nd7 13. Rd1 g5 14. Nf3 gxf4 15. Rh2 Re8 16. Re2 Nf8 17. Nd5 Ne6 18. Nb6 Rb8 19. Re4 h6 20. h4 Rd8 21. Rxd8+ Nxd8 22. Nxc8 Rxc8 23. Rxf4 Nc6 24. Re4 Rd8 25. a3 e6 26. Be2 b6 27. Bd1 Rb8 28. Kd2 Kf8 29. Kc2 Ke7 30. b3 Rd8 31. Be2 a5 32. Bd1 Kf8 33. Be2 Ra8 34. Bd1 a4 35. bxa4 Rxa4 36. Kb3 b5 37. Nd2 Ra5 38. cxb5 Rxb5+ 39. Kc4 Ra5 40. Nf3 Rxa3 41. Kxc5 Ne7 42. Rb4 Ra8 43. Rb7 Rd8 44. Bb3 Ng6 45. g5 h5 46. Bc4 Bxe5 47. Nxe5 Nxe5 48. Bb3 Ng6 49. Rb4 Rd2 50. Re4 Kg7 51. Ba4 Rh2 52. Bd1 Rxh4 53. Rxh4 Nxh4 54. Bxh5 Nf5 55. g6 f6 56. Kc4 Ng3 57. Bg4 f5 58. Bf3 Kxg6 59. Kd4 Kf6 60. Ke3 e5 61. Bb7 Nh5 62. Kf3 Ng7 63. Ke3 Ne6 64. Kf3 e4+ 65. Kf2 Ke5 66. Bc8 f4 67. Bb7 Nd4 68. Ba6 e3+ 69. Ke1 f3 70. Kf1 Kf4 71. Ke1 Ke5 0-1

[Event "EYCC O18-ch 2024"]
[Site "Prague"]
[Date "2024.08.30"]
[Round "8.16"]
[White "Shamatava, Nikolozi"]
[Black "Sachilaru, Alexandru"]
[Result "1/2-1/2"]
[ECO "B12"]
[WhiteElo "2196"]
[BlackElo "2255"]
[Annotator "RC"]
[PlyCount "96"]
[EventDate "2024.08.19"]
[EventType "swiss"]
[EventCountry "CZE"]
[SourceTitle "playchess.com"]
[Source "ChessBase"]
[SourceQuality "1"]
[TimeControl "5400+30"]

1. e4 c6 2. d4 d5 3. e5 c5 4. dxc5 e6 5. a3 Bxc5 6. Nf3 Nd7 7. b4 Be7 8. Bb2 a5 9. b5 f6 10. Bd3 Nh6 11. O-O Nf7 12. exf6 Bxf6 13. Qc1 O-O 14. a4 Nc5 15. Re1 Re8 16. Ne5 Nxe5 17. Bxe5 Bxe5 18. Rxe5 Qf6 19. Qg5 Qxg5 20. Rxg5 e5 21. Nc3 h6 22. Rg3 Be6 23. Bg6 Rec8 24. h4 Nd7 25. Rd1 Rc5 26. h5 Rac8 27. Ne2 Nf8 28. c3 Nxg6 29. hxg6 Bf5 30. Rd2 Re8 31. f4 Rc4 32. Re3 Bxg6 33. Rxd5 Rxa4 34. Rexe5 Re4 35. Nd4 a4 36. b6 R4xe5 37. fxe5 Ra8 38. e6 a3 39. e7 Ra6 40. Rd8+ Kh7 41. Ne6 Bf7 42. Nf8+ Kg8 43. Ne6+ Kh7 44. Rd6 Ra8 45. Rd4 Kg8 46. Nc5 Bg6 47. Ra4 Re8 48. Rxa3 Rxe7 1/2-1/2

[Event "EYCC O18-ch 2024"]
[Site "Prague"]
[Date "2024.08.30"]
[Round "8.16"]
[White "Asllani, Dorian"]
[Black "Szikszai, Bertalan"]
[Result "1/2-1/2"]
[ECO "D37"]
[WhiteElo "2061"]
[BlackElo "2278"]
[Annotator "ChessBase"]
[PlyCount "259"]
[EventDate "2024.08.19"]
[EventType "swiss"]
[EventCountry "CZE"]
[SourceTitle "playchess.com"]
[Source "ChessBase"]
[SourceQuality "1"]
[TimeControl "5400+30"]

1. d4 d5 2. c4 e6 3. Nc3 Nf6 4. Nf3 dxc4 5. e3 a6 6. a4 b6 7. Bxc4 Bb7 8. O-O Bb4 9. Qe2 O-O 10. Rd1 Nbd7 11. Bd3 Qe7 12. e4 e5 13. d5 Nc5 14. Bc2 a5 15. Nh4 Bc8 16. g3 Nb7 17. Be3 Ng4 18. Ng2 Nd6 19. Bd2 Bc5 20. Ne3 h5 21. f3 Nxe3 22. Bxe3 Nc4 23. Qxc4 Bxe3+ 24. Kg2 Ba6 25. Qb3 Bc5 26. Bd3 Bc8 27. Nb5 h4 28. g4 Qg5 29. Qc2 Bd7 30. Bc4 Kh8 31. Kh1 Bxb5 32. Bxb5 Rad8 33. Rd3 Rd6 34. Qd2 Qd8 35. Rd1 Rg6 36. b3 Qe7 37. Rf1 Rd8 38. Qe2 Rf6 39. Qg2 Rf4 40. Qh3 Rd6 41. Rfd1 Qg5 42. Rb1 Kh7 43. Rbd1 Kg8 44. Rb1 Rff6 45. Rbd1 g6 46. Qg2 Kg7 47. Qd2 Rf4 48. Qg2 Rdf6 49. Bd7 Rd6 50. Bb5 Rd8 51. Bc6 Rh8 52. h3 Rd8 53. Bb5 Rd6 54. R1d2 Rff6 55. Rd1 Kh6 56. Qd2 Rf4 57. Qe2 Qe7 58. Re1 Rd8 59. Bc6 Kg7 60. Qg2 Bd4 61. Qd2 Bc5 62. Qg2 Kf6 63. Red1 Kg5 64. Bb5 Rd6 65. Bc6 Rdf6 66. Re1 Bb4 67. Rc1 Ba3 68. Rc4 Bb4 69. Rc1 Qd8 70. Bb5 Bc5 71. Rcd1 Be7 72. Rc1 Bf8 73. Rcd1 Qd6 74. Qd2 Qd8 75. Qg2 Ba3 76. Qe2 Qe7 77. Rg1 Qc5 78. Qd2 Bb4 79. Qb2 Qe7 80. Qg2 Rd6 81. Rc1 f6 82. Qc2 Bc5 83. Qd2 Rd8 84. Qg2 Kh6 85. Re1 Rg8 86. Qe2 Bd6 87. Rg1 Rg7 88. Rc3 f5 89. Bd3 fxg4 90. hxg4 Rgf7 91. Bc2 Kg7 92. Bd1 Bc5 93. Rg2 Bd4 94. Rd3 Bc5 95. Qb2 Qg5 96. Kh2 h3 97. Rc2 Bd6 98. Rf2 Qh4 99. Rdd2 Kg8 100. Rc2 Qh8 101. Qc3 Bc5 102. d6 cxd6 103. Qc4 Qh4 104. Rf1 Kg7 105. Rd2 Qf6 106. Kxh3 Qg5 107. Rh2 Rf8 108. Kg2 R4f7 109. Rfh1 Qe3 110. Qe2 Qf4 111. Bc2 Be3 112. Bd3 Kf6 113. Bc4 Rg7 114. Rh8 Rxh8 115. Rxh8 Ke7 116. Qd3 Bd4 117. Rh1 Qe3 118. Qxe3 Bxe3 119. Rh8 Kf6 120. Kg3 Kg5 121. Kg2 Bd2 122. Kg3 Be1+ 123. Kg2 Kf4 124. Rf8+ Ke3 125. Rg8 Rxg8 126. Bxg8 g5 127. Bc4 Kd4 128. Kf1 Bb4 129. Ke2 Kc3 130. Bf7 1/2-1/2

[Event "EYCC O18-ch 2024"]
[Site "Prague"]
[Date "2024.08.30"]
[Round "8.17"]
[White "Klimkowski, Jan"]
[Black "Fishchuk, Vladyslav"]
[Result "0-1"]
[ECO "A22"]
[WhiteElo "2508"]
[BlackElo "2264"]
[Annotator "TA"]
[PlyCount "92"]
[EventDate "2024.08.19"]
[EventType "swiss"]
[EventCountry "CZE"]
[SourceTitle "playchess.com"]
[Source "ChessBase"]
[SourceQuality "1"]
[TimeControl "5400+30"]

1. c4 e5 2. Nc3 Nf6 3. Nf3 e4 4. Ng5 c6 5. Qa4 Qe7 6. Qc2 b5 {[%emt 0:01:15] [#]} 7. cxb5 ({Don't play} 7. Ngxe4 bxc4 8. Nxf6+ Qxf6 $11) (7. Ncxe4 Nxe4 8. Qxe4 (8. Nxe4 bxc4 9. e3 d5 $15) 8... bxc4 $11) (7. e3 $1 $16) 7... d5 $11 {[%emt 0:00:46] aiming for ...h6.} 8. e3 {[%emt 0:00:33] White has an edge.} Qe5 9. f4 Qc7 10. b3 h6 11. Nh3 a6 {[%emt 0:01:55] [#]} 12. b6 $1 Qxb6 13. Bb2 Be7 14. Na4 Qd8 15. Nf2 O-O 16. Be2 a5 17. O-O Ba6 18. Bxa6 Rxa6 19. d3 exd3 20. Qxd3 Ra8 21. Rac1 Na6 22. Rfd1 (22. Rxc6 Nb4 23. Qb5 Nxc6 24. Qxc6 Qc8 $19) 22... Qc7 (22... Nb4 $11 23. Qb1 Qc7) 23. Qf5 Rfe8 24. Nd3 ({Better is} 24. Bxf6 $16 Bxf6 25. Ng4) 24... Nd7 25. Ne5 Nxe5 26. Bxe5 (26. Qxe5 {simplifies} Qxe5 27. Bxe5 f6 28. Bd4) 26... Qb7 27. e4 (27. Bd4 {simplifies} Bf8 28. Qg4 Kh8 29. Rc3) 27... Nb4 28. exd5 Nxd5 29. Rd3 Bf6 30. Re1 (30. Bxf6 $11 Nxf6 31. Qc5) 30... Qb4 31. Rf1 Qe7 (31... Re6 $17 32. Rdf3 Qb7) 32. Bxf6 $15 Nxf6 33. h3 Nd5 34. Qh5 Rad8 {[%emt 0:02:15][%cal Od5f4] And now ...Nxf4! would win.} 35. Rg3 {[%emt 0:01:09] This move loses the game for White.} (35. Qf3 $17) 35... Qf6 {[%emt 0:01:13][%cal Od5e3] Hoping for ...Ne3!} 36. Kh2 $2 (36. Rd3 {is the only way for White.}) 36... Ne3 $19 ({Weaker is} 36... Nxf4 37. Qxa5 Rd4 38. Qc5 $11) 37. Rc1 Qxf4 38. Qf3 Nxg2 39. Rg1 (39. Qxf4 {was called for.} Nxf4 40. Rc2) 39... Qxf3 40. Rxf3 Nh4 41. Rf2 Re3 42. Rg3 Rdd3 43. Rxe3 Rxe3 44. Rc2 (44. Nb2 {is a better defense.}) 44... Nf3+ 45. Kh1 g5 46. Rxc6 $2 (46. Rc3 $19 Re1+ 47. Kg2 Nh4+ 48. Kf2) 46... Re2 {[%emt 0:00:07] Weighted Error Value: White=0.51/Black=0.23 (precise) .  Mistake:       	White=8     	Black=2      Inaccurate:     	White=4     	Black=5      OK:         	White=16    	Black=14     Best:        	White=1     	Black=5} 0-1